 Dungeon Crawl Stone Soup version 0.25.0-46-gbd7b0854d2 (webtiles) character file.

Game seed: 14133925761022837919

176 DerDa the Magician (level 5, -5/35 HPs)
             Began as a Mummy Wizard on July 16, 2020.
             Slain by Sigmund
             ... wielding a +0 scythe
              (7 damage)
             ... on level 3 of the Dungeon.
             The game lasted 00:10:04 (4476 turns).

DerDa the Magician (Mummy Wizard)                   Turns: 4476, Time: 00:10:05

Health: -5/35      AC:  5    Str: 10    XL:     5   Next: 30%
Magic:  1/13       EV: 11    Int: 18    God:
Gold:   259        SH:  0    Dex: 11    Spells: 9/15 levels left

rFire    x . .     SeeInvis .   e - +0 short sword
rCold    + + .     Gourm    .   (no shield)
rNeg     + + +     Faith    .   p - +2 leather armour {rC+}
rPois    ∞         Spirit   .   b - +0 hat
rElec    .         Reflect  .   g - scarf {+Inv}
rCorr    .         Harm     .   (no gloves)
MR       .....                  (no boots)
Stlth    +.........             (no amulet)
HPRegen  0.11/turn              (no ring)
MPRegen  0.13/turn              (no ring)

@: no status effects
A: no food or potions, fire vulnerability, cold resistance 1, negative energy
resistance 3, torment resistance, unbreathing
a: Evoke Invisibility


You were on level 3 of the Dungeon.
You were not hungry.

You visited 1 branch of the dungeon, and saw 4 of its levels.

You collected 259 gold pieces.

Inventory:

Hand Weapons
 d - a +0 dagger
 e - a +0 short sword (weapon)
Missiles
 f - 63 bolts
 j - 12 poisoned darts (quivered)
 o - 26 sling bullets
Armour
 a - a +0 robe
 b - a +0 hat (worn)
 g - a scarf of invisibility (worn)
 p - a +2 leather armour of cold resistance (worn)
Scrolls
 c - 2 scrolls of amnesia {unknown}
 h - 3 scrolls of identify {unknown}
 i - a scroll of blinking {unknown}
 k - a scroll of fog {unknown}
 l - 2 scrolls of remove curse {unknown}
 m - a scroll of enchant weapon {unknown}
 n - a scroll of enchant armour {unknown}


   Skills:
 - Level 1.5 Dodging
 - Level 1.5 Stealth
 * Level 5.7 Spellcasting
 * Level 2.6 Conjurations
   Level 0.7 Summonings
 - Level 0.7 Translocations
 + Level 1.0 Air Magic
 + Level 1.0 Poison Magic


You had 9 spell levels left.
You knew the following spells:

 Your Spells              Type           Power        Failure   Level  Hunger
a - Magic Dart            Conj           ##..         5%          1    N/A
b - Mephitic Cloud        Conj/Pois/Air  ##......     26%         3    N/A
q - Blink                 Tloc           N/A          19%         2    N/A

Your spell library contained the following spells:

 Spells                   Type           Power        Failure   Level  Hunger
 Call Imp                 Summ           #.......     19%         2    N/A
 Slow                     Hex            #.......     26%         2    N/A
 Conjure Flame            Conj/Fire      #.......     28%         3    N/A

Dungeon Overview and Level Annotations

Branches:
Dungeon (4/15)
 Temple: D:4-7

Altars:

Annotations:
D:3 Sigmund


Innate Abilities, Weirdness & Mutations

You do not eat or drink.
Your flesh is vulnerable to fire.
You are immune to poison.
Your flesh is cold resistant. (rC+)
You are immune to negative energy. (rN+++)
You are immune to unholy pain and torment.
You can survive without breathing.


Message History

Sigmund is severely wounded.
Sigmund hits you with a +0 scythe!
* * * LOW HITPOINT WARNING * * *
You hit Sigmund.
Sigmund is almost dead.
You hit Sigmund but do no damage.
Sigmund is almost dead.
Sigmund barely misses you.
You hit Sigmund but do no damage.
Sigmund is almost dead.
Sigmund seems less confused.
Sigmund closely misses you.
You hit Sigmund but do no damage.
Sigmund is almost dead.
Sigmund points at you and mumbles some strange words.
The puff of flame hits you.
* * * LOW HITPOINT WARNING * * *
You hit Sigmund.
Sigmund is almost dead.
Sigmund hits you with a +0 scythe!
You die...

#..# #.(####
#......
#######.###..
######.........#..
#.......@......#..
#.####.#####...#..
#@# #.# #...#.#
#@# #.# #...#.#
#.# #.# #...#.#
#.# #.#####.....#
#.# #..[)........
#.# #.#####.#.###
#.# #............
#.# #.......#.###
#.# #.......#....
#.# #.......#....


You could see Sigmund.

Vanquished Creatures
  A hound (D:4)
  An iguana (D:3)
  3 gnolls (D:2)
  3 adders
  2 worms
  A dart slug (D:3)
  10 orcs
  2 ball pythons
  A giant cockroach (D:1)
  7 goblins
  3 hobgoblins
  A quokka (D:4)
  3 bats (D:1)
  2 frilled lizards
  6 kobolds (D:1)
  6 rats
52 creatures vanquished.

Notes
Turn   | Place    | Note
-------+----------+-------------------------------------------
     0 | D:1      | DerDa the Mummy Wizard began the quest for the Orb.
     0 | D:1      | Reached XP level 1. HP: 13/13 MP: 5/5
   136 | D:1      | Reached skill level 1 in Conjurations
   538 | D:1      | Reached XP level 2. HP: 19/19 MP: 2/7
  1440 | D:2      | Reached XP level 3. HP: 6/24 MP: 0/9
  1501 | D:1      | Learned a level 3 spell: Mephitic Cloud
  1504 | D:1      | Learned a level 2 spell: Blink
  1844 | D:2      | Reached skill level 5 in Spellcasting
  2315 | D:3      | Reached XP level 4. HP: 27/30 MP: 11/11
  3286 | D:4      | Reached XP level 5. HP: 35/35 MP: 10/13
  3404 | D:4      | HP: 1/35 [orc priest/divine providence (9)]
  3447 | D:3      | Noticed Sigmund
  3772 | D:3      | Reached skill level 1 in Air Magic
  4156 | D:3      | Reached skill level 1 in Poison Magic
  4476 | D:3      | Slain by Sigmund

Illustrated notes

Levels and vault maps discovered:
D:1:      heliophobic_arrival_glass_houses, layout_basic
D:2:      layout_rooms
D:3:      layout_basic, uniq_sigmund
D:4:      gammafunk_cloud_chamber, layout_basic

Skill      XL: |  1  2  3  4  5 |
---------------+----------------+-----
Conjurations   | 1 2 |  2.6
Spellcasting   | 5 |  5.7
Air Magic      | 1 |  1.0
Poison Magic   | 1 |  1.0
Dodging        | |  1.5
Stealth        | |  1.5
Summonings     | |  0.7
Translocations | |  0.7

Action                   |  1- 3 |  4- 6 || total
-------------------------+-------+-------++-------
Melee: Short sword       |    21 |    31 ||    52
       Dagger            |     2 |       ||     2
 Cast: Magic Dart        |    74 |   117 ||   191
       Mephitic Cloud    |       |     3 ||     3
Armor: Robe              |     5 |     5 ||    10
       Leather armour    |       |     2 ||     2
Dodge: Dodged            |    26 |    36 ||    62
